 Dungeon Crawl Stone Soup version 0.29-a0-887-gcbe080d7e0 (webtiles) character file.

Game seed: 2264478041760398818

1228 mcwallace the Trooper (level 8, -3/81 HPs)
             Began as an Ogre Artificer on July 21, 2022.
             Slain by a hornet (9 damage)
             ... on level 5 of the Dungeon.
             The game lasted 00:14:45 (5365 turns).

mcwallace the Trooper (Ogre Artificer)              Turns: 5365, Time: 00:14:45

Health: -3/81      AC:  3    Str: 17    XL:     8   Next: 48%
Magic:  14/14      EV: 10    Int: 14    God:
Gold:   172        SH:  0    Dex:  9    Spells: 16/16 levels left

rFire   . . .      SeeInvis .   z - +2 dagger (venom) {short}
rCold   . . .      Faith    .   (no shield)
rNeg    . . .      Spirit   .   C - +0 robe {Will+}
rPois   .          Reflect  .   (helmet restricted)
rElec   .          Harm     .   (no cloak)
rCorr   .          Rampage  .   (gloves unavailable)
Will    +....                   (boots unavailable)
Stlth   +.........              j - amulet of regeneration {@e2}
HPRegen 1.03/turn               A - ring of wizardry
MPRegen 0.14/turn               (no ring)

@: slowed, very slow
A: large, unfitting armour, tough skin 1
a: no special abilities


You were on level 5 of the Dungeon.
You visited 2 branches of the dungeon, and saw 6 of its levels.

You collected 172 gold pieces.


Innate Abilities, Weirdness & Mutations

You are too large for most types of armour.
You have tough skin. (AC +1)


   Skills:
 + Level 5.6 Fighting
 + Level 4.3 Dodging
 - Level 0.6 Stealth
 + Level 2.8 Shields
 + Level 4.5 Spellcasting
 + Level 3.2 Ice Magic
 + Level 4.2 Evocations


You had 16 spell levels left.
You didn't know any spells.
Your spell library contained the following spells:

 Spells                   Type           Power      Damage    Failure   Level
 Freeze                   Ice            48%        1d7       1%          1
 Frozen Ramparts          Ice            24%        1d4       6%          3
 Shock                    Conj/Air       12%        1d3       8%          1
 Swiftness                Air            3%         N/A       22%         3
 Hailstorm                Conj/Ice       7%         3d4       34%         4
 Airstrike                Air            1%         0-2+      56%         4
 Summon Lightning Spire   Summ/Air       3%         N/A       56%         4
 Lightning Bolt           Conj/Air       1%         1d12      87%         5

Inventory:

Hand Weapons
 a - a +0 club {mace}
 f - a +2 dagger of holy wrath {short}
   (You took it off a goblin on level 1 of the Dungeon)
 x - a +2 dagger of draining {short}
   (You took it off Robin on level 3 of the Dungeon)
 z - a +2 dagger of venom (weapon) {short}
   (You took it off a goblin on level 3 of the Dungeon)
 H - a +0 giant spiked club {mace}
   (You took it off an ogre on level 4 of the Dungeon)
 I - a +1 whip of distortion {!wmace}
   (You took it off an orc on level 4 of the Dungeon)
 N - a +0 quarterstaff {staff}
   (You took it off an orc on level 5 of the Dungeon)
 O - a +2 dagger of electrocution {short}
   (You took it off an orc wizard on level 5 of the Dungeon)
Missiles
 p - 5 boomerangs (quivered) {throwing}
 q - 21 stones {throwing}
Armour
 b - a +0 robe
 o - a +0 robe
   (You found it on level 2 of the Dungeon)
 r - a +0 robe
   (You found it on level 2 of the Dungeon)
 t - a +0 robe
   (You found it on level 2 of the Dungeon)
 w - a +0 tower shield
   (You found it on level 3 of the Dungeon)
 y - a +0 animal skin
   (You took it off Robin on level 3 of the Dungeon)
 C - a +0 robe of willpower (worn)
   (You took it off Sigmund on level 3 of the Dungeon)
 J - a +0 robe
   (You took it off an orc wizard on level 4 of the Dungeon)
 L - a +0 robe
   (You took it off an orc wizard on level 5 of the Dungeon)
 M - a +0 robe
   (You took it off an orc wizard on level 5 of the Dungeon)
Jewellery
 j - an amulet of regeneration (around neck) {@e2}
   (You found it on level 1 of the Dungeon)
 A - a ring of wizardry (left hand)
   (You found it on level 5 of the Dungeon)
Wands
 c - a wand of flame (2)
 d - a wand of charming (18)
 e - a wand of iceblast (5)
 u - a wand of digging (3)
   (You found it on level 2 of the Dungeon)
 E - a wand of polymorph (12)
   (You took it off Ijyb on level 3 of the Dungeon)
Scrolls
 g - 2 scrolls of amnesia {unknown}
 l - 2 scrolls of teleportation {@r4}
 m - a scroll of vulnerability {unknown}
 s - a scroll of magic mapping {unknown}
 B - a scroll of blinking {unknown}
 D - a scroll of fear {unknown}
 K - a scroll of noise {unknown}
Potions
 h - a potion of curing {unknown}
 i - 2 potions of mutation {!q}
 k - a potion of resistance {unknown}
 n - a potion of degeneration {unknown}
 v - a potion of lignification {unknown}
 F - a potion of magic {unknown}
 G - 3 potions of might

Dungeon Overview and Level Annotations

Branches:
Dungeon (5/15) Zot: 24650  Temple (1/1) D:4 Zot: 5955

Altars:
Cheibriados
Dithmenos
Fedhas
Gozag
Kikubaaqudgha
Makhleb
Nemelex Xobeh
Okawaru
Ru
Sif Muna
Trog
Uskayaw
Vehumet
Wu Jian
Xom
Yredelemnul
Zin
The Shining One

Shops:
D:3 *

Annotations:
D:5 4 runed translucent doors
Temple 2 transporters

................# #.#
.........##++##.+ #.#
........##8.Y8### #.#
###.....#8..!.8 ##.## #
##.#..#|....( #...# #
#.##.#?....: #...# #
#.##.#8....8 ##..#
####.##.##8.Y8####### #..#
.........##++##.@5#.## #..#
####.###........#y.#.# #..#
# #.# ####...#.#.####.#..#
####.######...#.##....##..#
..............#..######...#
####.######..##.........#.#
.....# #..##..########.#
###### #..###.# #.# #
#......# #.#


You could see a hornet and a friendly ufetubus (charmed).


Message History

You take 4 damage, and now have 69/81 hp.
You hit the white imp but do no damage.
The white imp grinds its teeth.
The white imp hits you. The white imp freezes you. 😕 HP[-6]
You take 6 damage, and now have 63/81 hp.
You barely miss the white imp. The white imp gestures at you.
The puff of frost hits you.
You hit the white imp but do no damage.
The white imp is poisoned.
The white imp hits you but does no damage. 😕 HP[+1]
You hit the white imp but do no damage. The white imp hits you.
The white imp freezes you. 😮 HP[-4]
You take 4 damage, and now have 60/81 hp.
You are too injured to fight recklessly!
You closely miss the white imp. The white imp gestures at you.
The puff of frost hits you! 😮 HP[-6]
You take 6 damage, and now have 54/81 hp.
You barely miss the white imp. The white imp hits you.
The white imp freezes you. 😮 HP[-3]
You take 3 damage, and now have 51/81 hp.
You hit the white imp but do no damage.
The white imp barely misses you. 😮 HP[+1]
You hit the white imp.
The white imp hits you but does no damage. 😮 HP[+1]
You hit the white imp but do no damage. The white imp gestures at you.
The puff of frost hits you! 😮 HP[-7]
You take 7 damage, and now have 46/81 hp.
You hit the white imp but do no damage. The white imp gestures at you.
The puff of frost hits you!
* * * LOW HITPOINT WARNING * * *
😨 HP[-10]
You take 10 damage, and now have 36/81 hp.
You barely miss the white imp.
The white imp hits you but does no damage. 😨 HP[+1]
You hit the white imp but do no damage. The white imp gestures at you.
The puff of frost hits you!
* * * LOW HITPOINT WARNING * * *
😨 HP[-7]
You take 7 damage, and now have 30/81 hp.
The white imp attacks as you move away! The white imp hits you.
* * * LOW HITPOINT WARNING * * *
The white imp freezes you.
* * * LOW HITPOINT WARNING * * *
😨 HP[-6]
You take 6 damage, and now have 24/81 hp. 😨 HP[+1] 😨 HP[+1]
You kill the white imp! 😨 HP[+1]
There is an open door, spattered with blood here.
You see here a bullfrog corpse. 😨 HP[+1]
Aiming: Polymorph
Press: ? - help, Q - select action, (/) - cycle Shift-Dir - straight line, f - hornet
Aim: a hornet (will become a golden eye, a meliai, or a sky beast, chance to affect: 50%)
Okay, then.
Aiming: Iceblast
Press: ? - help, Q - select action, (/) - cycle Shift-Dir - straight line The mass of ice explodes!
The iceblast engulfs the hornet.
You hear an angry hiss.
The hornet stings you!
* * * LOW HITPOINT WARNING * * *
You feel yourself slow down. 😱 HP[-8]
You take 8 damage, and now have 20/81 hp.
Aiming: Iceblast
Press: ? - help, Q - select action, (/) - cycle Shift-Dir - straight line The mass of ice explodes!
The iceblast engulfs the hornet!
You hear a shout!
An ufetubus comes into view.
The hornet stings you!
* * * LOW HITPOINT WARNING * * *
You feel as though you will be slow longer.
The hornet barely misses you. The hornet stings you.
* * * LOW HITPOINT WARNING * * *
You suddenly lose the ability to move!
The hornet stings you!
* * * LOW HITPOINT WARNING * * *
You feel as though you will be slow longer.
You can move again. 😱 HP[-16]
You take 16 damage, and now have 4/81 hp.
Aiming: Charm
Press: ? - help, Q - select action, (/) - cycle Shift-Dir - straight line, f - ufetubus
Aim: an ufetubus (chance to affect: 67%)
The ufetubus is charmed.
The hornet barely misses you. The hornet stings you!
You die...

Skill      XL: |  1  2  3  4  5  6  7  8 |
---------------+-------------------------+-----
Fighting       | 2 3 4 5 |  5.6
Spellcasting   | 1 2 3 4 |  4.5
Evocations     | 3 4 |  4.2
Dodging        | 3 4 |  4.3
Ice Magic      | 1 2 3 |  3.2
Shields        | 1 2 |  2.8
Stealth        | |  0.6

Action                   |  1- 3 |  4- 6 |  7- 9 || total
-------------------------+-------+-------+-------++-------
Melee: Club              |    52 |       |       ||    52
       Dagger            |   160 |   134 |   208 ||   502
       Punch             |     2 |     3 |     3 ||     8
       Spear             |       |    72 |       ||    72
       Giant spiked club |       |       |     6 ||     6
       Quarterstaff      |       |       |     3 ||     3
Throw: Stone             |     3 |       |       ||     3
       Boomerang         |       |     4 |     4 ||     8
Evoke: Wand              |     4 |     4 |    12 ||    20
  Use: Scroll            |       |       |     3 ||     3
 Stab: Sleeping          |     1 |       |       ||     1
Armor: Robe              |    71 |    77 |    42 ||   190
Dodge: Dodged            |   141 |   116 |   107 ||   364

Levels and vault maps discovered:
D:1:      amcnicky_arrival_double_pillar, layout_basic
D:2:      layout_rooms, ebering_ecumenical_altar_sacrificial
D:3:      layout_basic, okawaru_trees_1, serial_shops,
          nicolae_shop_competitors_out_of_business, uniq_grinder, uniq_ijyb,
          uniq_sigmund, uniq_robin
D:4:      layout_basic, minmay_temple_entry_waves, st_stairs_3,
          interstate_on_off
D:5:      layout_basic, mainiacjoe_overflow_six_doors_small,
          minmay_hollow_rounded_squares, uniq_blork_the_orc
Temple:   hellmonk_temple_divided_pantheon

Notes
Turn   | Place    | Note
-------+----------+-------------------------------------------
     0 | D:1      | mcwallace the Ogre Artificer began the quest for the Orb.
     0 | D:1      | Reached XP level 1. HP: 19/19 MP: 1/1
     0 | D:1      | magus.rc [v1.9.6]
   383 | D:1      | Reached XP level 2. HP: 25/28 MP: 2/2
   437 | D:1      | HP: 7/28 [jackal (1)]
   442 | D:1      | HP: 3/28 [jackal (2)]
   733 | D:1      | Reached skill level 2 in Fighting
   740 | D:1      | Reached skill level 1 in Spellcasting
  1020 | D:1      | Reached XP level 3. HP: 35/35 MP: 4/4
  1597 | D:2      | You pick up a book of Frost and begin reading...
  1597 | D:2      | You add the spells Freeze, Frozen Ramparts and Hailstorm to
                  | your library.
  1727 | D:2      | Reached XP level 4. HP: 31/44 MP: 6/6
  1884 | D:2      | You pick up a book of Air and begin reading...
  1884 | D:2      | You add the spells Shock, Swiftness and Airstrike to your
                  | library.
  1907 | D:2      | Reached skill level 2 in Spellcasting
  1933 | D:2      | Found a faded altar of an unknown god.
  2249 | D:3      | Found Xycim's General Store.
  2311 | D:3      | Noticed Robin
  2332 | D:3      | Reached skill level 3 in Fighting
  2334 | D:3      | Reached skill level 3 in Evocations
  2367 | D:3      | Killed Robin
  2368 | D:3      | Reached XP level 5. HP: 45/47 MP: 8/8
  2401 | D:3      | Found an iron altar of Okawaru.
  2434 | D:3      | Noticed Sigmund
  2458 | D:3      | Killed Sigmund
  2459 | D:3      | Reached skill level 3 in Dodging
  2459 | D:3      | Reached skill level 1 in Ice Magic
  2459 | D:3      | Reached XP level 6. HP: 41/62 MP: 8/10
  2647 | D:3      | Reached skill level 3 in Spellcasting
  2841 | D:3      | Noticed Ijyb
  2848 | D:3      | Killed Ijyb
  3014 | D:3      | Noticed Grinder
  3029 | D:3      | Paralysed by Grinder for 3 turns
  3032 | D:3      | Killed Grinder
  3033 | D:3      | Reached skill level 4 in Fighting
  3033 | D:3      | Reached skill level 1 in Shields
  3033 | D:3      | Reached skill level 2 in Ice Magic
  3033 | D:3      | Reached XP level 7. HP: 38/71 MP: 10/12
  3624 | D:4      | Found a staircase to the Ecumenical Temple.
  3642 | Temple   | Entered the Ecumenical Temple
  3642 | Temple   | Found a transporter.
  3642 | Temple   | Found a transporter.
  3650 | Temple   | Found a transporter.
  3650 | Temple   | Found a transporter.
  3868 | D:4      | Reached skill level 2 in Shields
  3881 | D:4      | HP: 15/71 [gnoll/+0 whip[a gnoll bouda] (4)]
  3964 | D:4      | Reached skill level 5 in Fighting
  3964 | D:4      | Reached skill level 4 in Spellcasting
  4068 | D:4      | Reached XP level 8. HP: 71/73 MP: 14/14
  4142 | D:4      | Reached skill level 4 in Dodging
  4142 | D:4      | Reached skill level 4 in Evocations
  4659 | D:5      | Entered Level 5 of the Dungeon
  4690 | D:5      | You pick up a book of Storms and begin reading...
  4690 | D:5      | You add the spells Summon Lightning Spire and Lightning
                  | Bolt to your library.
  4730 | D:5      | Reached skill level 3 in Ice Magic
  4730 | D:5      | HP: 20/80 [poisoned by a water moccasin]
  4735 | D:5      | HP: 20/80 [poisoned by a water moccasin]
  4810 | D:5      | Found a large runed translucent door.
  4810 | D:5      | Found a large runed translucent door.
  4814 | D:5      | Found a large runed translucent door.
  4814 | D:5      | Found a large runed translucent door.
  4817 | D:5      | Noticed a yak
  4817 | D:5      | Noticed a komodo dragon
  4952 | D:5      | HP: 13/81 [ogre/+0 giant club (30)]
  5343 | D:5      | Noticed a hornet
  5362 | D:5      | HP: 20/81 [hornet (9)]
  5363 | D:5      | Paralysed by a hornet for 2 turns
  5364 | D:5      | HP: 4/81 [hornet (9)]
  5365 | D:5      | Slain by a hornet

Vanquished Creatures
  Grinder (D:3)
  Sigmund (D:3)
  A water moccasin (D:5)
  A black bear (D:4)
  An ice beast (D:5)
  An ogre (D:4)
  A bullfrog (D:5)
  A necrophage (D:4)
  A hound (D:4)
  Ijyb (D:3)
  3 orc wizards
  Robin (D:3)
  5 adders
  6 gnolls
  2 white imps (D:5)
  3 worms (D:2)
  2 dart slugs
  9 orcs
  4 endoplasms
  4 giant cockroaches
  13 goblins
  13 hobgoblins
  7 jackals
  2 quokkas
  8 ball pythons
  7 bats
  5 frilled lizards
  8 kobolds
  6 rats
118 creatures vanquished.

Vanquished Creatures (others)
  A gnoll bouda (D:4)
1 creature vanquished.

Grand Total: 119 creatures vanquished

Table legend:
 A = Non-vault XP
 B = Vault XP
 C = Vault XP percentage of total XP
 D = Non-vault monster count
 E = Vault monster count
 F = Vault count percentage of total count
                 A         B        C        D         E       F
            +---------+---------+-------+---------+---------+-------
      Total |    1014 |     741 |  42.2 |      99 |      19 |  16.1
            +---------+---------+-------+---------+---------+-------
        D:1 |      57 |       0 |   0.0 |      32 |       0 |   0.0
        D:2 |      72 |       0 |   0.0 |      22 |       0 |   0.0
        D:3 |      31 |     578 |  94.9 |      11 |      14 |  56.0
        D:4 |     489 |      40 |   7.6 |      23 |       1 |   4.2
        D:5 |     365 |     123 |  25.2 |      11 |       4 |  26.7
            +---------+---------+-------+---------+---------+-------

Illustrated notes

Table legend:
 A = Kills in this place as a percentage of kills in entire the game.
 B = Kills by you in this place as a percentage of kills by you in the entire game.
 C = Kills by friends in this place as a percentage of kills by friends in the entire game.
 D = Other kills in this place as a percentage of other kills in the entire game.
 E = Experience gained in this place as a percentage of experience gained in the entire game.
 F = Experience gained in this place divided by the number of levels of this place that you have seen.
                   A       B       C       D       E      F
               +-------+-------+-------+-------+-------+----------------------
         Total | 100.0 | 100.0 |   N/A |   N/A | 100.0 | 292.5
       Dungeon | 100.0 | 100.0 |   N/A |   N/A | 100.0 | 351.0
               +-------+-------+-------+-------+-------+----------------------

Table legend: (Time is in decaauts)
 A = Elapsed time spent in this place.
 B = Non-inter-level travel time spent in this place.
 C = Inter-level travel time spent in this place.
 D = Time resting spent in this place.
 E = Time spent auto-exploring this place.
 F = Levels seen in this place.
 G = Mean time per level.
                   A        B        C        D        E       F      G
               +--------+--------+--------+--------+--------+-----+--------+
         Total |   5393 |   5217 |    176 |    109 |   3787 |   6 |  898.8 |
       Dungeon |   5348 |   5172 |    176 |    109 |   3775 |   5 | 1069.6 |
        Temple |     44 |     44 |      0 |      0 |     12 |   1 |   44.0 |
               +--------+--------+--------+--------+--------+-----+--------+

Top non-repeatable levels by time:
     D:1: 1496 daAuts
     D:4: 1335 daAuts
     D:3: 1096 daAuts
     D:2: 757 daAuts
     D:5: 662 daAuts
  Temple: 44 daAuts
